 Dungeon Crawl Stone Soup version 0.28.0-53-g5a82cb258f (webtiles) character file.

Game seed: 1718174278162993303

39548 Gabide the Prestidigitator (level 14, -8/113 HPs)
             Began as a Human Artificer on June 17, 2022.
             Was a Plaything of Xom.
             Mangled by a death yak (21 damage)
             ... on level 1 of the Lair of Beasts.
             The game lasted 00:45:58 (22651 turns).

Gabide the Prestidigitator (Human Artificer)       Turns: 22651, Time: 00:45:58

Health: -8/113     AC: 13    Str: 13    XL:     14   Next: 40%
Magic:  0/14       EV: 17    Int: 14    God:    Xom [.*....]
Gold:   822        SH:  8    Dex: 20    Spells: 13/13 levels left

rFire   + . .      SeeInvis .   r - +9 flail (freeze)
rCold   + . .      Faith    .   (no shield)
rNeg    . . .      Spirit   +   O - +2 ring mail {rC+}
rPois   +          Reflect  .   D - +2 hat
rElec   .          Harm     .   C - +0 cloak
rCorr   .          Rampage  .   (no gloves)
Will    +....                   B - +2 pair of boots
Stlth   +.........              v - brooch of Shielding {Spirit SH+8}
HPRegen 0.28/turn               t - ring of poison resistance
MPRegen 0.14/turn               y - ring of protection from fire

@: hasted, invisible, very quick
A: horns 2, agile 1, clever 1, no potion heal 1
a: Renounce Religion


You were on level 1 of the Lair of Beasts.
You worshipped Xom.
You were a plaything of Xom.
You visited 3 branches of the dungeon, and saw 15 of its levels.
You also visited: Bailey.

You collected 822 gold pieces.

Inventory:

Hand Weapons
 m - a +3 short sword of venom
 r - a +9 flail of freezing (weapon)
Missiles
 l - a throwing net
Armour
 B - a +2 pair of boots (worn)
 C - a +0 cloak (worn)
 D - a +2 hat (worn)
 E - a +0 troll leather armour
 G - +0 acid dragon scales
 O - a +2 ring mail of cold resistance (worn)
Jewellery
 t - a ring of poison resistance (left hand)
 v - the brooch of Shielding (around neck) {Spirit SH+8}
   (You found it on level 5 of the Dungeon)

   [amulet of guardian spirit]

   It causes incoming damage to be divided between your reserves of health and
   magic.
   SH:        It affects your SH (+8).
 y - a ring of protection from fire (right hand)
 z - a ring of fire
 H - an amulet of reflection
Wands
 c - a wand of flame (11) (quivered)
 d - a wand of charming (3)
 j - a wand of polymorph (17)
 q - a wand of acid (4)
 u - a wand of iceblast (2)
Scrolls
 g - 3 scrolls of enchant weapon
 h - a scroll of silence
 i - a scroll of amnesia
 k - a scroll of magic mapping
 p - 2 scrolls of noise
 s - 7 scrolls of teleportation
 w - a scroll of fear
 A - 2 scrolls of vulnerability
 I - a scroll of identify
 J - a scroll of blinking {unknown}
 K - a scroll of brand weapon
 L - 2 scrolls of summoning
 N - a scroll of fog {unknown}
Potions
 a - a potion of ambrosia
 b - 4 potions of attraction
 f - a potion of haste {unknown}
 n - 2 potions of brilliance
 o - a potion of cancellation
 x - a potion of flight
 F - a potion of mutation {unknown}
 M - a potion of degeneration {unknown}
 P - a potion of heal wounds
Miscellaneous
 e - a piece from Xom's chessboard (15/15)


   Skills:
 + Level 11.1 Fighting
 - Level 2.0 Short Blades
 + Level 11.1 Maces & Flails
 - Level 2.0 Armour
 + Level 11.1 Dodging
 - Level 1.0 Stealth
 + Level 14.4 Evocations


You had 13 spell levels left.
You didn't know any spells.
Your spell library contained the following spells:

 Spells                   Type           Power      Damage    Failure   Level
 Animate Skeleton         Necr           0%         N/A       52%         1
 Pain                     Necr           0%         1d4       52%         1
 Corpse Rot               Necr/Air       0%         N/A       67%         2
 Poisonous Vapours        Pois/Air       0%         N/A       67%         2
 Gell's Gravitas          Tloc           0%         N/A       88%         3
 Lesser Beckoning         Tloc           0%         N/A       88%         3
 Ozocubu's Armour         Ice            0%         N/A       88%         3
 Teleport Other           Tloc           0%         N/A       88%         3
 Tukima's Dance           Hex            0%         N/A       88%         3
 Vampiric Draining        Necr           0%         2d6       88%         3
 Anguish                  Hex/Necr       0%         N/A       99%         4
 Enfeeble                 Hex            0%         N/A       100%        7
 Ozocubu's Refrigeration  Ice            0%         4d5       100%        7


Dungeon Overview and Level Annotations

Branches:
Dungeon (13/15)            Temple (1/1) D:6            Lair (1/6) D:11
    Orc (0/2) D:9          Vaults (0/5) D:13         Bailey (visited)

Altars:
Ashenzari
Cheibriados
Dithmenos
Elyvilon
Fedhas
Gozag
Hepliaklqana
Kikubaaqudgha
Makhleb
Nemelex Xobeh
Okawaru
Qazlal
Ru
Sif Muna
Trog
Uskayaw
Vehumet
Wu Jian
Xom
Yredelemnul
Zin
The Shining One

Shops:
D:5 (


Innate Abilities, Weirdness & Mutations

You have a pair of horns on your head.
You are agile. (Dex +2)
Your mind is acute. (Int +2)
Potions are less effective at restoring your health.


Message History

You fade into invisibility!
The death yak is engulfed in seething chaos.
The death yak seems to grow stronger.
You feel yourself speed up.
The death yak is engulfed in seething chaos.
The death yak gores you! The death yak gores you!!
The death yak is engulfed in seething chaos.
The death yak flickers and vanishes!
Deactivating autopickup; reactivate with Ctrl-A.
Something gores you!
You emit a cloud of colourful smoke!
The death yak is engulfed in seething chaos.
The death yak gores you!!
The death yak is engulfed in seething chaos.
The death yak gores you!!
* * * LOW HITPOINT WARNING * * *
The death yak is engulfed in seething chaos.
The death yak goes berserk!
The death yak gores you but does no damage. "This is how I like it!"
You swap places with the death yak.
The death yak looks rather confused.
Some monsters swap places.
You are now a plaything of Xom.
The death yak is engulfed in seething chaos.
The death yak completely misses you.
The death yak is engulfed in seething chaos.
The death yak gores you!!
* * * LOW HITPOINT WARNING * * *
The death yak is engulfed in seething chaos.
The death yak is engulfed in seething chaos.
The death yak flickers and vanishes!
Something gores you!!
* * * LOW HITPOINT WARNING * * *
The death yak is engulfed in seething chaos.
Something completely misses you. Something gores you!!
* * * LOW HITPOINT WARNING * * *
You turn to flesh and can move again.
Okay, then.
Your system partially rejects the healing.
You feel much better. Something gores you!!
You die...

.####...#....# #......### #
.....#......## #......#
......#.....# #.....##
.......#...## #.###..##
.......##..## ### #...#
........##..## ##..###
........##...# ######.....#
.......####..####{##§.....####
.......# #..Y.§§@{§§§.......P####
.......###..######§########....##
......###...# ### ###....
......#.....# ###..
....)#..#...## ##.
.......##...}## #..
......#.YY....# ##.
....######....# #.. ....# ######
##.


You could see a death yak (strong, confused).

Vanquished Creatures
  Nessos (D:13)
  Fannar (Lair:1)
  A hydra (D:12)
  3 two-headed ogres
  A death yak (Lair:1)
  Urug (D:10)
  A fire crab (D:9)
  Pikel (D:5)
  A flayed ghost (D:10)
  A manticore (shapeshifter) (D:9)
  4 cane toads (Lair:1)
  An unseen horror (D:13)
  3 komodo dragons
  A tengu conjurer (D:13)
  4 trolls
  2 hornets
  6 slime creatures (D:13)
  Grinder (D:3)
  Sigmund (D:3)
  A water elemental (D:11)
  A wyvern (D:9)
  A basilisk (D:10)
  14 yaks
  8 wraiths
  22 fire bats (D:10)
  4 vampire mosquitoes (D:11)
  Menkaure (D:4)
  3 wargs (D:9)
  An acid dragon (D:10)
  Duvessa (D:4)
  5 water moccasins
  3 sky beasts
  10 orc warriors
  A black bear (Lair:1)
  2 necrophages
  2 hornet zombies
  15 wolves
  2 ogres
  14 centaurs
  2 kobold brigands
  6 bullfrogs
  A gnoll sergeant (D:9)
  2 scorpions
  2 wyvern skeletons
  13 killer bees
  An electric eel (D:11)
  A wight (D:8)
  6 howler monkeys
  3 centaur zombies
  2 jellies
  A bullfrog skeleton (D:6)
  9 hounds
  A centaur skeleton (D:7)
  7 orc priests
  A gnoll shaman (D:8)
  Ijyb (D:3)
  10 orc wizards
  A howler monkey zombie (D:10)
  13 gnolls
  A howler monkey skeleton (D:5)
  6 adders
  A river rat (D:10)
  A shadow imp (D:8)
  2 ufetubi
  A worm (D:5)
  4 dart slugs
  34 orcs
  65 bats
  5 endoplasms
  4 giant cockroaches
  14 goblins
  6 hobgoblins
  3 jackals (D:1)
  5 quokkas
  10 ball pythons
  4 frilled lizards (D:1)
  25 kobolds
  5 rats
  A spectral kobold (D:1)
426 creatures vanquished.

Vanquished Creatures (collateral kills)
  Gastronok (D:9)
  An orc warlord (Bailey)
  An ogre mage (D:13)
  A two-headed ogre (D:13)
  An ugly thing (D:13)
  A manticore (D:13)
  A water elemental (D:11)
  2 yaks (D:9)
  A wolf (D:11)
  A gnoll sergeant (D:5)
  A killer bee (D:11)
  3 howler monkeys (D:13)
  4 gnolls
  A white imp (D:5)
  3 bats (D:10)
23 creatures vanquished.

Vanquished Creatures (others)
  A centaur warrior (D:13)
  A tengu warrior (D:13)
  A wraith (D:11)
  A yak (D:9)
  A basilisk (D:13)
  A vampire mosquito (D:11)
  A warg (D:9)
  A wolf (D:11)
  Dowan (D:4)
  2 killer bees (D:11)
  A fungus (Lair:1)
12 creatures vanquished.

Grand Total: 461 creatures vanquished

Notes
Turn   | Place    | Note
-------+----------+-------------------------------------------
     0 | D:1      | Gabide the Human Artificer began the quest for the Orb.
     0 | D:1      | Reached XP level 1. HP: 15/15 MP: 1/1
   572 | D:1      | Reached XP level 2. HP: 21/21 MP: 2/2
   574 | D:1      | Found a faded altar of an unknown god.
  1029 | D:1      | Reached XP level 3. HP: 18/27 MP: 3/3
  1722 | D:2      | Reached XP level 4. HP: 9/33 MP: 4/4
  2957 | D:3      | Noticed Ijyb
  2963 | D:3      | Killed Ijyb
  2964 | D:3      | Reached skill level 4 in Evocations
  2964 | D:3      | Reached XP level 5. HP: 7/39 MP: 5/5
  3221 | D:3      | Noticed Grinder
  3244 | D:3      | Killed Grinder
  3245 | D:3      | Reached XP level 6. HP: 19/47 MP: 6/6
  3555 | D:3      | Noticed Sigmund
  3578 | D:3      | Killed Sigmund
  3579 | D:3      | Reached skill level 5 in Evocations
  3579 | D:3      | Reached XP level 7. HP: 54/54 MP: 7/7
  4404 | D:4      | Noticed Duvessa
  4408 | D:4      | Noticed Dowan
  4428 | D:4      | Your ally Dowan died
  4433 | D:4      | Killed Duvessa
  4945 | D:4      | Reached XP level 8. HP: 44/61 MP: 8/8
  5152 | D:4      | Noticed Menkaure
  5157 | D:4      | Killed Menkaure
  5158 | D:4      | Reached skill level 5 in Fighting
  5158 | D:4      | Reached skill level 5 in Dodging
  5531 | D:4      | Reached skill level 6 in Evocations
  5864 | D:5      | Entered Level 5 of the Dungeon
  5958 | D:5      | Found Zauxken's Antique Weapon Boutique.
  6283 | D:5      | Found an iron altar of Okawaru.
  6510 | D:5      | Found the brooch of Shielding {Spirit SH+8}
  6706 | D:5      | Noticed Pikel
  6733 | D:5      | Killed Pikel
  6734 | D:5      | Reached skill level 7 in Evocations
  6734 | D:5      | Reached XP level 9. HP: 47/71 MP: 4/9
  8050 | D:6      | Reached skill level 1 in Short Blades
  8727 | D:6      | Found a staircase to the Ecumenical Temple.
  8741 | Temple   | Entered the Ecumenical Temple
  8986 | Temple   | Became a worshipper of Xom the Psychotic
  9490 | D:7      | XOM: divination: magic mapping
  9503 | D:7      | Reached skill level 8 in Evocations
  9617 | D:7      | XOM: god gift: cloak {god gift}
  9706 | D:7      | Reached XP level 10. HP: 56/79 MP: 6/10
  9729 | D:7      | XOM: summons friendly crimson imp
 10056 | D:7      | XOM is BORED!
 10056 | D:7      | XOM: noise
 10479 | D:7      | XOM: scenery: 1 doors close
 11054 | D:7      | XOM: silly message
 11332 | D:8      | XOM: swap monsters
 11336 | D:8      | XOM: scenery: 2 doors open
 11348 | D:8      | XOM: smoke on damage
 11349 | D:8      | XOM: scenery: create altars
 11371 | D:8      | XOM: swap monsters
 11374 | D:8      | XOM: repel stairs
 11385 | D:8      | Reached skill level 9 in Evocations
 11465 | D:8      | Found a bloodstained altar of Trog.
 11501 | D:8      | XOM: confusion
 11503 | D:8      | XOM: fog
 11504 | D:8      | XOM: confusion
 11782 | D:8      | Found an opulent altar of Gozag.
 11827 | D:8      | XOM: summons 6 hostile demons
 11928 | D:8      | Found a sacrificial altar of Ru.
 11938 | D:8      | XOM: swap monsters
 12076 | D:8      | Found a hide-covered altar of Uskayaw.
 12083 | D:8      | XOM: confusion (+ monsters)
 12386 | D:9      | Found a staircase to the Orcish Mines.
 12390 | D:9      | XOM: divine lightning
 12401 | D:9      | Reached XP level 11. HP: 60/89 MP: 7/11
 12577 | D:9      | Noticed a fire crab
 12577 | D:9      | a yak changed into a fire crab
 12577 | D:9      | XOM: polymorph yak -> fire crab
 12578 | D:9      | Reached skill level 10 in Evocations
 12587 | D:9      | Reached skill level 1 in Maces & Flails
 12589 | D:9      | XOM: divination: magic mapping
 12597 | D:9      | Killed a fire crab
 12604 | D:9      | XOM is BORED!
 12604 | D:9      | XOM: polymorph yak -> shapeshifter
 12615 | D:9      | Killed a manticore
 12710 | D:9      | XOM: confusion
 12722 | D:9      | Reached skill level 5 in Maces & Flails
 13027 | D:9      | Noticed Gastronok
 13033 | D:9      | XOM: fog
 13037 | D:9      | Killed Gastronok
 13129 | D:10     | Entered Level 10 of the Dungeon
 13270 | D:10     | Found a flagged portal.
 13294 | D:10     | XOM: polymorph goblin -> river rat
 13298 | D:10     | XOM: polymorph river rat -> giant cockroach
 13317 | Bailey   | Entered a bailey
 13344 | Bailey   | Noticed an orc warlord
 13368 | Bailey   | XOM: summons 1 hostile demon
 13447 | Bailey   | XOM: smoke on damage
 13626 | Bailey   | Found a runed translucent gate.
 13627 | Bailey   | Found a runed translucent gate.
 13629 | Bailey   | Found a runed translucent gate.
 13784 | Bailey   | XOM: noise
 13894 | Bailey   | XOM: enchant monster (good)
 13902 | Bailey   | Killed an orc warlord
 14123 | Bailey   | Reached skill level 13 in Evocations
 14123 | Bailey   | Reached XP level 12. HP: 95/95 MP: 12/12
 14233 | D:10     | Found a runed translucent door.
 14285 | D:10     | Found a basalt altar of Yredelemnul.
 14317 | D:10     | Found a glowing golden altar of the Shining One.
 14323 | D:10     | Reached XP level 13. HP: 98/101 MP: 11/13
 14385 | D:10     | Found a shimmering altar of Xom.
 14389 | D:10     | XOM: confusion
 14495 | D:10     | XOM: polymorph megabat -> river rat
 14501 | D:10     | XOM: give mutations
 14501 | D:10     | Gained mutation: Armour fits poorly on your strangely
                  | shaped body. [Xom's mischief]
 14501 | D:10     | Gained mutation: You are dopey. (Int -2) [Xom's mischief]
 14501 | D:10     | Gained mutation: Your spells are a little easier to cast,
                  | but a little less powerful. [Xom's mischief]
 14501 | D:10     | Gained mutation: You are frail. (-10% HP) [Xom's mischief]
 14503 | D:10     | XOM: enchant monster (bad)
 14569 | D:10     | Found a shadowy altar of Dithmenos.
 14569 | D:10     | XOM: summons 1 hostile shadow creature
 14572 | D:10     | XOM: summons 3 friendly demons
 14765 | D:10     | Found a blossoming altar of Fedhas.
 14782 | D:10     | XOM: smoke on damage
 14843 | D:10     | XOM: 3-stop teleportation journey
 14849 | D:10     | XOM: silly message
 14926 | D:10     | XOM: 3-stop teleportation journey
 14948 | D:10     | XOM: enchant monster (bad)
 14972 | D:10     | XOM: summons 5 friendly demons
 15014 | D:10     | XOM: 1-stop teleportation journey
 15179 | D:10     | Found a shimmering altar of Xom.
 15272 | D:10     | XOM: noise
 15320 | D:10     | XOM: 4-stop teleportation journey
 15368 | D:10     | Noticed Urug
 15383 | D:10     | Killed Urug
 15757 | D:10     | XOM is BORED!
 15826 | D:10     | XOM: divination: detect items
 15839 | D:10     | XOM: confusion (+ monsters)
 15843 | D:10     | XOM: silly message
 15977 | D:10     | XOM: 4-stop teleportation journey
 16279 | D:10     | XOM: cloud trail
 16484 | D:11     | XOM: enchant monster (bad)
 16852 | D:11     | Found a staircase to the Lair.
 16855 | D:11     | XOM: swap monsters
 16884 | D:11     | XOM: confusion
 16886 | D:11     | XOM: divine lightning
 17093 | D:11     | XOM: 4-stop teleportation journey
 17114 | D:11     | Reached skill level 10 in Fighting
 17116 | D:11     | Reached skill level 10 in Maces & Flails
 17141 | D:11     | Reached skill level 10 in Dodging
 17361 | D:11     | XOM: give mutations
 17361 | D:11     | Lost mutation: You are dopey. (Int -2) [Xom's grace]
 17361 | D:11     | Gained mutation: You are agile. (Dex +2) [Xom's grace]
 17787 | D:11     | XOM: give mutations
 17787 | D:11     | Gained mutation: You have a pair of small horns on your
                  | head. [Xom's grace]
 17787 | D:11     | Lost mutation: You are frail. (-10% HP) [Xom's grace]
 17916 | D:12     | XOM: cleaving
 17931 | D:11     | XOM: scenery: create altars
 17997 | D:11     | XOM: summons 2 friendly demons
 18311 | D:11     | XOM: summons 4 hostile demons
 18523 | D:11     | XOM: scenery: summon butterflies
 18526 | D:11     | XOM: give mutations
 18526 | D:11     | Lost mutation: Armour fits poorly on your strangely shaped
                  | body. [Xom's mischief]
 18526 | D:11     | Gained mutation: Potions are less effective at restoring
                  | your health. [Xom's mischief]
 18687 | D:12     | XOM: divination: detect creatures
 18780 | D:12     | XOM: enchant monster (good)
 19147 | D:12     | Noticed an eight-headed hydra
 19156 | D:12     | Killed an eight-headed hydra
 19423 | D:12     | Identified the +8 short sword of Anguish {vorpal, Fly rPois
                  | Int+3 Dex+2}
 19452 | D:12     | XOM: god gift: 43 gold pieces
 19540 | D:12     | XOM: summons 2 hostile demons
 19714 | D:13     | Noticed a centaur warrior
 19721 | D:13     | Noticed Nessos
 19736 | D:13     | Killed Nessos
 19996 | D:13     | XOM: stat loss: -1 Int (11/12)
 20142 | D:13     | XOM: 2-stop teleportation journey
 20159 | D:13     | Reached skill level 14 in Evocations
 20164 | D:13     | Reached XP level 14. HP: 89/111 MP: 10/14
 20245 | D:13     | XOM: give mutations
 20245 | D:13     | Gained mutation: Your mind is acute. (Int +2) [Xom's grace]
 20245 | D:13     | Lost mutation: Your spells are a little easier to cast, but
                  | a little less powerful. [Xom's grace]
 20245 | D:13     | Gained mutation: You have a pair of horns on your head.
                  | [Xom's grace]
 20534 | D:13     | Found a gate to the Vaults.
 20874 | Lair:1   | Entered Level 1 of the Lair of Beasts
 21218 | Lair:1   | Noticed Fannar
 21232 | Lair:1   | Killed Fannar
 21649 | Lair:1   | XOM: silly message
 21650 | Lair:1   | XOM: divination: detect creatures
 21816 | Lair:1   | XOM: divination: detect items
 21836 | Lair:1   | XOM: divination: detect creatures
 21861 | Lair:1   | XOM: torment (34/113 hp)
 21920 | Lair:1   | XOM: 8-stop teleportation journey
 21944 | Lair:1   | XOM is BORED!
 22630 | Lair:1   | XOM: chaos cloud
 22637 | Lair:1   | XOM: chaos cloud
 22645 | Lair:1   | XOM: smoke on damage
 22648 | Lair:1   | XOM: swap monsters
 22650 | Lair:1   | HP: 2/113 [something (7)]
 22651 | Lair:1   | Mangled by a death yak

Illustrated notes

Levels and vault maps discovered:
D:1:      roderic_octagonal_star, layout_basic,
          dreamdust_ecumenical_altar_drowned_temple
D:2:      layout_loops_cross, minmay_misc_feat_five
D:3:      layout_loops_ring, uniq_ijyb, uniq_grinder, uniq_sigmund
D:4:      layout_basic, hangedman_decor_push, uniq_menkaure, uniq_duvessa
D:5:      layout_basic, mainiacjoe_overflow_tiny_flanked, enter_ossuary_5,
          serial_shops, nicolae_shop_advertising_works
          [nicolae_subvault_shop_adworks], corner_web_ring, uniq_pikel
D:6:      layout_basic, minmay_temple_entry_proselytizer, serial_glass,
          glass_columns_a, glass_columns_b
D:7:      layout_loops_corners, mrwooster_statue_mirror
D:8:      layout_basic, eat_drink_and_be_merry_uskayaw,
          mainiacjoe_overflow_brackets, kennysheep_nub,
          hangedman_feature_mirror, chequers_serial_rivers_small_a
D:9:      layout_rooms, minmay_orc_entry_guard_dogs, chequers_garden,
          hangedman_abyss_or_decor_slice, uniq_gastronok
D:10:     due_megacathedral, layout_basic, enter_bailey_5, uniq_urug
D:11:     layout_cave_pools, erik_lair_island
D:12:     layout_long_grid, hangedman_glass_teeth
D:13:     layout_rooms, david_vaults_2, nicolae_straight_to_the_point,
          uniq_nessos
Temple:   mainiacjoe_temple_bowtie_tessellation
Lair:1:   layout_cave_pods, minmay_hedge_maze, uniq_fannar

Skill      XL: |  1  2  3  4  5  6  7  8  9 10 11 12 13 14 |
---------------+-------------------------------------------+-----
Fighting       | 2 3 4 6 7 9 10 11 | 11.1
Dodging        | 2 3 4 6 7 9 10 11 | 11.1
Evocations     | 4 5 7 8 9 13 14 | 14.4
Short Blades   | 2 |  2.0
Maces & Flails | 8 9 10 11 | 11.1
Armour         | |  2.0
Stealth        | |  1.0

Action                   |  1- 3 |  4- 6 |  7- 9 | 10-12 | 13-15 || total
-------------------------+-------+-------+-------+-------+-------++-------
Melee: Club              |    35 |     1 |       |       |       ||    36
       Whip              |    82 |    48 |       |       |       ||   130
       Punch             |     1 |       |     5 |     8 |     7 ||    21
       Short sword       |       |    21 |   332 |   215 |       ||   568
       Flail             |       |       |       |   246 |   661 ||   907
       Headbutt          |       |       |       |       |    81 ||    81
Evoke: Wand              |     7 |     9 |    14 |    28 |    25 ||    83
       Piece from Xom's  |       |     2 |     4 |     1 |     2 ||     9
  Use: Scroll            |       |     1 |     7 |    15 |     5 ||    28
       Potion            |       |     2 |     2 |     7 |     7 ||    18
 Stab: Sleeping          |     1 |       |     5 |       |     1 ||     7
       Betrayed ally     |       |       |     2 |       |       ||     2
       Confused          |       |       |       |     2 |       ||     2
       Invisible         |       |       |       |     1 |     4 ||     5
       Distracted        |       |       |       |       |     2 ||     2
       Paralysed         |       |       |       |       |     1 ||     1
Armor: Leather armour    |    42 |    18 |    13 |       |       ||    73
       Skin              |       |     8 |    62 |       |       ||    70
       Ring mail         |       |       |    43 |    16 |    96 ||   155
       Troll leather arm |       |       |       |    42 |       ||    42
       Acid dragon scale |       |       |       |    33 |    81 ||   114
Dodge: Dodged            |   113 |    39 |   210 |   355 |   631 ||  1348
Block: Other             |       |       |    77 |   199 |   355 ||   631
